 Dungeon Crawl Stone Soup version 0.28-a0-823-gb444dcf96d (webtiles) character file.

Game seed: 1021283965088068492

37 mcbry74 the Cudgeller (level 3, -1/28 HPs)
             Began as a Gnoll Wanderer on Nov 9, 2021.
             Succumbed to an adder's poison
             ... on level 2 of the Dungeon.
             The game lasted 00:06:48 (1830 turns).

mcbry74 the Cudgeller (Gnoll Wanderer)              Turns: 1830, Time: 00:06:49

Health: -1/28      AC:  2    Str: 10    XL:     3   Next: 39%
Magic:  7/7        EV: 15    Int: 14    God:
Gold:   33         SH:  0    Dex: 10    Spells: 7/7 levels left

rFire   . . .      SeeInvis .   a - +0 mace
rCold   . . .      Faith    .   (no shield)
rNeg    . . .      Spirit   .   c - +0 robe
rPois   .          Reflect  .   (no helmet)
rElec   .          Harm     .   (no cloak)
rCorr   .          Rampage  .   (no gloves)
Will    .....      Clarity  +   (no boots)
Stlth   +.........              (no amulet)
HPRegen 0.09/turn               g - +4 ring of evasion
MPRegen 0.10/turn               (no ring)

@: lethally poisoned (-1 -> -13)
A: fangs 1, strong nose, distributed training, clarity, noise suppression
a: no special abilities


You were on level 2 of the Dungeon.
You visited 1 branch of the dungeon, and saw 2 of its levels.

You collected 33 gold pieces.

Inventory:

Hand Weapons
 a - a +0 mace (weapon)
Missiles
 d - 105 stones (quivered)
Armour
 c - a +0 robe (worn)
Jewellery
 g - a +4 ring of evasion (left hand)
Scrolls
 b - a scroll of teleportation
 f - a scroll of enchant armour {unknown}
 h - a scroll of identify {unknown}


   Skills:
 + Level 2.6 Fighting
 + Level 0.7 Short Blades
 + Level 0.7 Long Blades
 + Level 0.7 Axes
 + Level 4.5 Maces & Flails
 + Level 0.7 Polearms
 + Level 0.7 Staves
 + Level 0.7 Slings
 + Level 0.7 Bows
 + Level 0.7 Crossbows
 + Level 2.6 Throwing
 + Level 0.7 Armour
 + Level 0.7 Dodging
 + Level 0.7 Stealth
 + Level 2.6 Shields
 + Level 0.7 Unarmed Combat
 + Level 2.8 Spellcasting
 + Level 0.5 Conjurations
 + Level 0.5 Hexes
 + Level 0.5 Summonings
 + Level 0.5 Necromancy
 + Level 3.7 Translocations
 + Level 3.7 Transmutations
 + Level 0.5 Fire Magic
 + Level 0.5 Ice Magic
 + Level 0.5 Air Magic
 + Level 0.5 Earth Magic
 + Level 0.5 Poison Magic
 + Level 0.9 Invocations
 + Level 0.7 Evocations


You had 7 spell levels left.
You didn't know any spells.
Your spell library contained the following spells:

 Spells                   Type           Power      Damage    Failure   Level
 Blink                    Tloc           24%        N/A       7%          2
 Gell's Gravitas          Tloc           12%        N/A       14%         3
 Lesser Beckoning         Tloc           12%        N/A       14%         3
 Teleport Other           Tloc           12%        N/A       14%         3
 Manifold Assault         Tloc           12%        N/A       78%         5


Dungeon Overview and Level Annotations

Branches:
Dungeon (2/15)

Altars:


Innate Abilities, Weirdness & Mutations

You have very sharp teeth.
Your uncanny sense of smell can sniff out nearby items.
Your experience applies equally to all skills.
You possess an exceptional clarity of mind.
You passively dampen the noise of your surroundings.


Message History

You climb downwards.
The adder bites you. The adder barely misses you.
There is a stone staircase leading up here.
You hit the adder.
The adder is moderately wounded.
The adder closely misses you. The adder bites you.
You are poisoned.
The adder poisons you!
You barely miss the adder.
The adder is moderately wounded.
You feel sick. The adder barely misses you.
You hit the adder. Your bite misses the adder.
The adder is moderately wounded.
You feel sick. The adder closely misses you. The adder bites you.
You miss the adder.
The adder is moderately wounded.
You feel sick. The adder bites you.
* * * LOW HITPOINT WARNING * * *
You are lethally poisoned!
The adder poisons you!
A hobgoblin comes into view.
The adder barely misses you.
You hit the adder.
The adder is heavily wounded.
* * * LOW HITPOINT WARNING * * *
You feel sick. The adder barely misses you.
You closely miss the adder.
The adder is heavily wounded.
* * * LOW HITPOINT WARNING * * *
You feel sick. The adder misses you. x2
You closely miss the adder. Your bite misses the adder.
The adder is heavily wounded.
* * * LOW HITPOINT WARNING * * *
You feel sick. The adder bites you.
* * * LOW HITPOINT WARNING * * *
You are more poisoned.
The adder poisons you!
It was a potion of mutation.
You feel extremely strange.
Your thoughts seem clearer.
You feel your surroundings grow quieter.
You die...

.........?.....
..............S
...............
# #..........
#.###.........
#....#†##....#
##.....g# ...?
#......# ..#
#.....@# ..
#..>.S.# #
#......#
#......#
#....#### #....
#...# #...


You could see an adder and a hobgoblin.

Vanquished Creatures
  2 dart slugs (D:1)
  3 goblins (D:1)
  3 hobgoblins (D:1)
  3 quokkas
  2 ball pythons (D:1)
  4 bats
  2 frilled lizards (D:1)
  9 kobolds (D:1)
  7 rats
35 creatures vanquished.

Vanquished Creatures (others)
  9 plants (D:1)
9 creatures vanquished.

Grand Total: 44 creatures vanquished

Notes
Turn   | Place    | Note
-------+----------+-------------------------------------------
     0 | D:1      | mcbry74 the Gnoll Wanderer began the quest for the Orb.
     0 | D:1      | mcbry74 set off with the following items: a +0 mace, a
                  | scroll of teleportation, a +0 robe; and the following
                  | spells available to memorise: Blink, Gell's Gravitas,
                  | Lesser Beckoning, Teleport Other, Manifold Assault
     0 | D:1      | Reached XP level 1. HP: 17/17 MP: 4/4
   357 | D:1      | Reached XP level 2. HP: 21/23 MP: 5/5
   865 | D:1      | Found a faded altar of an unknown god.
  1209 | D:1      | Reached XP level 3. HP: 25/28 MP: 7/7
  1830 | D:2      | Gained mutation: You possess an exceptional clarity of
                  | mind. [potion of mutation]
  1830 | D:2      | Gained mutation: You passively dampen the noise of your
                  | surroundings. [potion of mutation]
  1830 | D:2      | Succumbed to an adder's poison

Illustrated notes

Levels and vault maps discovered:
D:1:      dpeg_arrival_morbid_curiosity, layout_basic,
          shapermc_ecumenical_altar_mp_highgroup, lexackson_kobold_supper
D:2:      layout_rooms, basic_altar, uniq_jessica

Action                   || total
-------------------------++-------
Melee: Mace              ||   109
       Bite              ||     4
Throw: Stone             ||    29
  Use: Potion            ||     1
Armor: Robe              ||    31
Dodge: Dodged            ||   109

Table legend: (Time is in decaauts)
 A = Elapsed time spent in this place.
 B = Non-inter-level travel time spent in this place.
 C = Inter-level travel time spent in this place.
 D = Time resting spent in this place.
 E = Time spent auto-exploring this place.
 F = Levels seen in this place.
 G = Mean time per level.
                   A        B        C        D        E       F      G
               +--------+--------+--------+--------+--------+-----+--------+
         Total |   1849 |   1826 |     23 |    610 |    899 |   2 |  924.5 |
       Dungeon |   1849 |   1826 |     23 |    610 |    899 |   2 |  924.5 |
               +--------+--------+--------+--------+--------+-----+--------+

Top non-repeatable levels by time:
     D:1: 1773 daAuts
     D:2: 76 daAuts
